 Dungeon Crawl Stone Soup version 0.31-a0-881-ge136f0c47a (webtiles) character file.

Game seed: 2097279822338499522

9091 Spaninq the Mimic (level 11, 0/110 HPs)
             Began as a Troll Shapeshifter on Oct 15, 2023.
             Was an Initiate of Qazlal.
             Slain by a water elemental (2 damage)
             ... on level 11 of the Dungeon.
             The game lasted 00:23:38 (7117 turns).

Spaninq the Mimic (Troll Shapeshifter)              Turns: 7117, Time: 00:23:38

Health: 0/110      AC:  8    Str: 28    XL:     11   Next: 18%
Magic:  0/11       EV:  9    Int:  6    God:    Qazlal [......]
Gold:   1766       SH:  0    Dex:  9    Spells: 10/10 levels left

rFire   . .          .
                       - Unarmed
rCold   + . .        (shield currently unavailable)
rNeg    . . .        l - +1 steam dragon scales
rPois   .            (helmet restricted)
rElec   .            (no cloak)
rCorr   .            (gloves unavailable)
SInv    .            (boots unavailable)
Will    +....        t - amulet of guardian spirit
Stlth   +            w - ring of protection from cold
HPRegen 1.18/turn    m - ring of willpower
MPRegen 0.12/turn

%: guardian spirit
@: flux-form, glowing
A: glow, contaminating, large, unfitting armour, claws 3, regeneration 1, shaggy
fur 1, tough skin 1
a: Begin Untransformation, Renounce Religion


You were on level 11 of the Dungeon.
You worshipped Qazlal.
Qazlal was noncommittal.
You were something dangerously unstable.
You visited 2 branches of the dungeon, and saw 12 of its levels.

You collected 1766 gold pieces.

Inventory:

Hand Weapons
 q - a +3 dagger of flaming
 u - a +3 hand axe
Missiles
 B - a throwing net
Armour
 l - +1 steam dragon scales (worn)
Jewellery
 m - a ring of willpower (right claw)
 t - an amulet of guardian spirit (around neck)
 w - a ring of protection from cold (left claw)
 J - a ring of see invisible
Talismans
 c - a beast talisman
 d - a flux talisman (active)
 i - a maw talisman
Wands
 g - a wand of iceblast (6)
 j - a wand of mindburst (8)
 y - a wand of flame (22)
 A - a wand of polymorph (25)
 E - a wand of quicksilver (8)
 K - a wand of charming (8)
Scrolls
 a - 2 scrolls of enchant weapon
 h - 2 scrolls of revelation
 k - 3 scrolls of amnesia
 o - 5 scrolls of teleportation
 v - 3 scrolls of enchant armour
 x - 3 scrolls of fear {unknown}
 C - 3 scrolls of identify
 F - a scroll of butterflies {unknown}
 I - a scroll of fog
Potions
 b - 3 potions of lignification
 e - 5 potions of brilliance
 f - 3 potions of haste
 n - 2 potions of berserk rage {unknown}
 p - 6 potions of heal wounds
 r - a potion of invisibility {unknown}
 s - 2 potions of curing {unknown}
 z - 4 potions of magic {unknown}
 D - a potion of might {unknown}
 G - a potion of mutation {unknown}
 H - a potion of ambrosia {unknown}


   Skills:
 + Level 7.6 Fighting
 - Level 1.5 Dodging
 + Level 7.9 Unarmed Combat
 + Level 2.3 Invocations
 * Level 12.1 Shapeshifting


You had 10 spell levels left.
You didn't know any spells.
Your spell library contained the following spells:

 Spells                   Type           Power      Damage    Failure   Level
 Magic Dart               Conj           0%         1d3       45%         1
 Sandblast                Erth           0%         2d4       45%         1
 Summon Small Mammal      Summ           0%         N/A       45%         1
 Blink                    Tloc           0%         N/A       58%         2
 Lesser Beckoning         Tloc           0%         N/A       58%         2
 Momentum Strike          Conj/Tloc      0%         3d8       58%         2
 Passwall                 Tmut/Erth      0%         N/A       58%         2
 Searing Ray              Conj           0%         2d4       58%         2
 Call Canine Familiar     Summ           0%         N/A       83%         3
 Gell's Gravitas          Tloc           0%         N/A       83%         3
 Ozocubu's Armour         Ice            0%         N/A       83%         3
 Stone Arrow              Conj/Erth      0%         3d7       83%         3
 Summon Guardian Golem    Hex/Summ       0%         N/A       83%         3
 Teleport Other           Tloc           0%         N/A       83%         3
 Brom's Barrelling Bould  Conj/Erth      0%         2d3       99%         4
 Fulminant Prism          Conj/Hex       0%         3d5       99%         4
 Olgreb's Toxic Radiance  Pois           0%         N/A       99%         4
 Ozocubu's Refrigeration  Ice            0%         4d7       100%        7
 Discord                  Hex            0%         N/A       100%        8
 Ignition                 Fire           0%         3d3       100%        8


Dungeon Overview and Level Annotations

Branches:
Dungeon (11/15)            Temple (1/1) D:7
   Lair: D:8-11         Orc: D:9-12

Altars:
Ashenzari
Cheibriados
Dithmenos
Elyvilon
Fedhas
Gozag
Hepliaklqana
Kikubaaqudgha
Makhleb
Nemelex Xobeh
Okawaru
Qazlal
Ru
Sif Muna
Trog
Uskayaw
Vehumet
Wu Jian
Xom
Yredelemnul
Zin
The Shining One

Shops:
D:6 [   D:8 (   D:10 :((?

Annotations:
D:6 exclusion: statue


Innate Abilities, Weirdness & Mutations

You are something dangerously unstable.
You glow with magical radiation, making you easy to see and hit.
Foes you strike become dangerously contaminated with magical radiation.
You are incapable of wielding weapons or throwing items.
You are too large for most types of armour.
You have claws for hands.
Your natural rate of healing is unusually fast.
You are covered in fur. (AC +1)
You have tough skin. (AC +1)


Message History

Your lungs strain for air!
The water elemental hits you!
The merfolk hits you from afar with a +0 trident.
You scratch the water elemental.
The water elemental shudders as magic cascades through it!!!
You destroy the water elemental!
Qazlal accepts your kill. The water engulfing you falls away.
You gasp with relief as air once again reaches your lungs.
The water elemental hits you.
The water elemental engulfs you in water!
You claw the water elemental!
The water elemental begins to glow.
The water elemental is moderately damaged.
Your lungs strain for air!
The merfolk hits you from afar with a +0 trident!!
The water elemental hits you!
* * * LOW HITPOINT WARNING * * *
The water elemental hits you!
* * * LOW HITPOINT WARNING * * *
You slip free of the water engulfing you.
You gasp with relief as air once again reaches your lungs.
Found 13 gold pieces.
The water elemental attacks as it pursues you!
The water elemental hits you.
The water elemental engulfs you in water!
You slip free of the water engulfing you.
You gasp with relief as air once again reaches your lungs.
The water elemental attacks as it pursues you!
The water elemental hits you!
* * * LOW HITPOINT WARNING * * *
Found a short sword.
An electric eel comes into view.
An electric eel comes into view.
The water elemental stops glowing.
The electric eel shoots out a bolt of lightning at you!
The bolt of electricity hits you!
* * * LOW HITPOINT WARNING * * *
The water elemental attacks as it pursues you!
The water elemental hits you.
You die...

.. .. .~≈~~S≈
#.##.###~~≈≈...~
.....#..≈≈≈.})S
#.....≈~≈~...~
#.....≈≈~≈≈~~
#....~≈≈≈≈≈≈
##....~≈≈~~~~
#..pE~≈..~..~
#...#.#..#..
##.m##E...#.#
#...##...$..#
#.#...$#....#
#.#..####...#
#....# ##..#
.....### ..#
...##. ..


You could see a merfolk, a water elemental and an electric eel.

Vanquished Creatures
  A two-headed ogre (D:8)
  Urug (D:10)
  A gargoyle (D:7)
  Psyche (D:10)
  A troll (D:10)
  A hornet (D:8)
  2 vampires
  A water elemental (D:11)
  13 yaks
  2 steam dragons
  A wraith (D:10)
  A wyvern (D:8)
  Grum (D:10)
  3 vampire mosquitoes (D:10)
  4 water moccasins
  2 orc warriors (D:6)
  A sky beast (D:8)
  4 black bears
  An ogre (D:3)
  4 centaurs
  2 wolves (D:10)
  A phantom (D:6)
  2 bullfrogs
  2 scorpions (D:4)
  12 wights (D:7)
  5 howler monkeys
  3 hounds
  2 orc priests (D:8)
  A gnoll bouda (D:4)
  3 jellies
  An iguana (D:6)
  10 orc wizards
  5 gnolls (D:4)
  13 adders
  A shadow imp (D:5)
  A white imp (D:6)
  4 ufetubi
  5 worms
  2 dart slugs
  19 orcs
  9 endoplasms
  3 giant cockroaches
  6 goblins
  6 hobgoblins
  2 jackals (D:1)
  5 kobolds
  9 quokkas
  3 training dummies (D:8)
  3 ball pythons
  8 bats
  4 frilled lizards
  6 rats
204 creatures vanquished.

Vanquished Creatures (others)
  An orc (D:8)
  A quokka (D:4)
2 creatures vanquished.

Grand Total: 206 creatures vanquished

Notes
Turn   | Place    | Note
-------+----------+-------------------------------------------
     0 | D:1      | Spaninq the Troll Shapeshifter began the quest for the Orb.
     0 | D:1      | Reached XP level 1. HP: 18/18 MP: 0/0
   161 | D:1      | Reached skill level 1 in Fighting
   167 | D:1      | Reached XP level 2. HP: 27/27 MP: 1/1
   381 | D:1      | Reached XP level 3. HP: 29/33 MP: 2/2
   723 | D:2      | Found a faded altar of an unknown god.
   865 | D:2      | Reached skill level 4 in Shapeshifting
   878 | D:2      | Reached XP level 4. HP: 38/42 MP: 3/3
  1382 | D:3      | Noticed an ogre
  1675 | D:4      | Noticed a black bear
  1712 | D:3      | Killed an ogre
  1713 | D:3      | Reached skill level 5 in Shapeshifting
  1713 | D:3      | Reached XP level 5. HP: 27/50 MP: 4/4
  1741 | D:4      | Found a white marble altar of Elyvilon.
  1826 | D:4      | Reached XP level 6. HP: 42/61 MP: 5/5
  2008 | D:4      | Reached skill level 6 in Shapeshifting
  2030 | D:4      | Found a blossoming altar of Fedhas.
  2146 | D:4      | Reached XP level 7. HP: 65/67 MP: 6/6
  2323 | D:5      | Entered Level 5 of the Dungeon
  2610 | D:5      | Found the +18 Lear's hauberk
  2642 | D:5      | Reached skill level 7 in Shapeshifting
  2821 | D:5      | Reached XP level 8. HP: 75/79 MP: 7/7
  3019 | D:5      | Found an iron altar of Okawaru.
  3019 | D:5      | Found a bloodstained altar of Trog.
  3394 | D:5      | Reached skill level 8 in Shapeshifting
  3443 | D:6      | Identified a scroll of acquirement
  3443 | D:6      | Acquired 1121 gold pieces
  3541 | D:6      | Found a radiant altar of Vehumet.
  3650 | D:6      | Found Siyhew's Antique Armour Shop.
  3696 | D:6      | Reached skill level 5 in Fighting
  4123 | D:7      | Reached skill level 9 in Shapeshifting
  4123 | D:7      | Reached XP level 9. HP: 86/88 MP: 8/8
  4205 | D:7      | Reached skill level 5 in Unarmed Combat
  4355 | D:7      | Found a staircase to the Ecumenical Temple.
  4371 | Temple   | Entered the Ecumenical Temple
  4665 | D:7      | Noticed a gargoyle
  4677 | D:7      | Killed a gargoyle
  4678 | D:7      | Reached skill level 10 in Shapeshifting
  4912 | D:8      | Noticed a two-headed ogre
  4957 | D:8      | Reached XP level 10. HP: 88/100 MP: 7/9
  5005 | D:8      | Found a hide-covered altar of Uskayaw.
  5032 | D:8      | Paralysed by a hornet for 3 turns
  5063 | D:8      | Killed a two-headed ogre
  5064 | D:8      | Reached skill level 11 in Shapeshifting
  5115 | D:8      | Found Saischib's Firing Range.
  5234 | D:8      | Found a stormy altar of Qazlal.
  5247 | D:8      | Became a worshipper of Qazlal Stormbringer
  5650 | D:9      | Found a sparkling altar of Nemelex Xobeh.
  6206 | D:10     | Entered Level 10 of the Dungeon
  6268 | D:10     | Reached skill level 1 in Invocations
  6268 | D:10     | Found Noejo's Antique Weapon Boutique.
  6280 | D:10     | Found Nyivvadd's Antique Weapon Boutique.
  6582 | D:10     | Found Pozaamp's Magic Scroll Shop.
  6640 | D:10     | Noticed Grum
  6643 | D:10     | Reached XP level 11. HP: 100/109 MP: 9/11
  6658 | D:10     | Killed Grum
  6767 | D:10     | Noticed Urug
  6768 | D:10     | Noticed Psyche
  6776 | D:10     | Killed Urug
  6777 | D:10     | Reached skill level 12 in Shapeshifting
  6780 | D:10     | Killed Psyche
  6899 | D:10     | Found a glowing silver altar of Zin.
  7029 | D:10     | Found Xompe's Book Shoppe.
  7116 | D:11     | HP: 1/110 [electric eel/bolt of electricity (8)]
  7117 | D:11     | Slain by a water elemental

Illustrated notes

Levels and vault maps discovered:
D:1:      mrwooster_arrival_statue_2, layout_basic
D:2:      layout_rooms, dreamdust_ecumenical_altar_statues, st_stairs_7,
          minmay_octomino_c4
D:3:      layout_basic
D:4:      layout_rooms, mainiacjoe_overflow_catwalk, elyvilon_altar_4,
          minmay_fractal_squares_gapless_5
D:5:      layout_loops_corners, gammafunk_temple_overflow_pools, minivault_23,
          minmay_misc_feat_chi
D:6:      layout_layer_cave, vehumet_statue, serial_shops,
          nicolae_shop_dealshenge, minivault_27, ebering_dispersal_statue_hall
D:7:      minmay_cornered_nines, layout_rooms, minmay_temple_entry_offerings
D:8:      layout_cave_pools, nicolae_qazlal_beasts_of_the_sky,
          overflow_temple_1_default, dk_noncrumbling_2,
          nicolae_shop_firing_range
D:9:      layout_roguey, mainiacjoe_overflow_cross_hatched,
          kennysheep_generic_room_8
D:10:     layout_roguey, zin_treasury, serial_shops, nicolae_lakefront_shop,
          nicolae_shop_back_alley_shop, nicolae_shop_trees, shop, uniq_grum,
          uniq_psyche, uniq_urug
D:11:     due_megacathedral, layout_rooms, lair_entry_dummy,
          nicolae_rank_and_phial
Temple:   nicolae_temple_bog_church

Skill      XL: |  1  2  3  4  5  6  7  8  9 10 11 |
---------------+----------------------------------+-----
Fighting       | 1 2 3 4 5 6 7 |  7.6
Shapeshifting  | 4 5 6 7 9 10 11 12 | 12.1
Unarmed Combat | 4 6 7 |  7.9
Invocations    | 1 2 |  2.3
Dodging        | |  1.5

Action                     |  1- 3 |  4- 6 |  7- 9 | 10-12 || total
---------------------------+-------+-------+-------+-------++-------
  Melee: Unarmed           |   103 |    41 |   283 |   165 ||   592
         Punch             |     1 |     3 |     1 |       ||     5
         Dagger            |       |   123 |       |       ||   123
    Use: Scroll            |       |       |    17 |     1 ||    18
         Potion            |       |       |       |     1 ||     1
 Armour: Animal skin       |    44 |       |       |       ||    44
         Steam dragon scal |    22 |    97 |   245 |   140 ||   504
         Skin              |     1 |       |       |       ||     1
  Dodge: Dodged            |    40 |    56 |   140 |    66 ||   302
   Form: Flux              |       |       |     1 |       ||     1

Table legend: (Time is in decaauts)
 A = Elapsed time spent in this place.
 B = Non-inter-level travel time spent in this place.
 C = Inter-level travel time spent in this place.
 D = Time resting spent in this place.
 E = Time spent auto-exploring this place.
 F = Levels seen in this place.
 G = Mean time per level.
                   A        B        C        D        E       F      G
               +--------+--------+--------+--------+--------+-----+--------+
         Total |   7073 |   6664 |    409 |     53 |   4864 |  12 |  589.4 |
       Dungeon |   7042 |   6641 |    401 |     53 |   4864 |  11 |  640.2 |
        Temple |     31 |     23 |      8 |      0 |      0 |   1 |   31.0 |
               +--------+--------+--------+--------+--------+-----+--------+

Top non-repeatable levels by time:
     D:5: 1069 daAuts
    D:10: 885 daAuts
     D:7: 725 daAuts
     D:8: 717 daAuts
     D:6: 709 daAuts
     D:1: 690 daAuts
     D:9: 600 daAuts
     D:2: 590 daAuts
     D:4: 586 daAuts
     D:3: 446 daAuts
  Temple: 31 daAuts
    D:11: 20 daAuts
